 Dungeon Crawl Stone Soup version 0.17.1-1-g73c8601 (console) character file.

5147 Kloppie the Carver (level 10, -7/94 HPs)
             Began as a Minotaur Fighter on Dec 18, 2015.
             Was a Believer of Okawaru.
             Mangled by a troll (8 damage)
             ... on level 9 of the Dungeon.
             The game lasted 00:13:01 (8615 turns).

Kloppie the Carver (Minotaur Fighter)               Turns: 8615, Time: 00:13:01

Health: -7/94      AC: 11    Str: 23    XL:     10   Next: 33%
Magic:  9/9        EV:  5    Int:  5    God:    Okawaru [**....]
Gold:   270        SH: 11    Dex: 11    Spells: 0 memorised, 9 levels left

rFire  . . .     SeeInvis .     a - +1 long sword
rCold  . . .     Clarity  .     G - +1 chain mail
rNeg   + . .     SustAt   .     F - +2 shield {rN+}
rPois  .         Gourm    .     (helmet restricted)
rElec  .         Spirit   .     (no cloak)
rCorr  .         Warding  .     c - +0 pair of gloves (curse)
rMut   .         Stasis   +     (no boots)
MR     .....                    x - amulet of stasis
Stlth  ..........               (no ring)
                                y - ring of wizardry

@: drained, not resistant to hostile enchantments, extremely unstealthy
A: retaliatory headbutt, horns 2
a: Heroism, Renounce Religion


You were on level 9 of the Dungeon.
You worshipped Okawaru.
Okawaru was pleased with you.
You were very hungry.

You visited 2 branches of the dungeon, and saw 10 of its levels.

You collected 378 gold pieces.
You spent 108 gold pieces at shops.

Inventory:

Hand Weapons
 a - a +1 long sword (weapon)
Armour
 c - a cursed +0 pair of gloves (worn)
 F - a +2 shield of positive energy (worn)
 G - a +1 chain mail (worn)
Jewellery
 x - an amulet of stasis (around neck)
 y - a ring of wizardry (left hand)
Wands
 d - a wand of hasting (9)
 C - a wand of flame (17)
 D - a wand of fire (5)
 E - a wand of confusion (5)
 H - a wand of enslavement (9)
Scrolls
 g - 6 scrolls of remove curse
 i - 4 scrolls of noise
 l - 2 scrolls of fog
 o - 5 scrolls of fear
 p - 6 scrolls of identify
 q - a scroll of immolation
 r - 5 scrolls of teleportation
 u - a scroll of enchant weapon
 v - a scroll of recharging
Potions
 f - a potion of brilliance
 k - 5 potions of curing
 s - 2 potions of flight
 t - a potion of lignification
 w - 2 potions of magic
 A - a potion of haste
Comestibles
 e - 8 bread rations
 n - 9 meat rations
 z - a beef jerky


   Skills:
 - Level 10.9(10.6) Fighting
 + Level 14.5(14.2) Long Blades
 - Level 3.6(3.4) Armour
 - Level 3.6(3.4) Shields


You had 9 spell levels left.
You didn't know any spells.

Dungeon Overview and Level Annotations

Branches:
Dungeon (9/15)             Temple (1/1) D:5
   Lair: D:8-11         Orc: D:9-12

Altars:
Ashenzari
Cheibriados
Dithmenos
Elyvilon
Fedhas
Gozag
Kikubaaqudgha
Nemelex Xobeh
Okawaru
Qazlal
Ru
Sif Muna
Trog
Vehumet
Xom
Yredelemnul
Zin
The Shining One

Shops:
D:7 (   D:8 [

Annotations:
D:8 Gastronok


Innate Abilities, Weirdness & Mutations

You reflexively headbutt those who attack you in melee.
You have a pair of horns on your head.


Message History

The troll claws you but does no damage.
You slash the troll!
The troll is severely wounded.
The troll bites you.
* * * LOW HITPOINT WARNING * * *
You block the troll's attack. The troll claws you but does no damage.
You hit the troll.
The troll is severely wounded.
You barely miss the troll. You headbutt the troll!
The troll is almost dead.
The orc priest miscasts a cantrip.
You block the troll's attack. x2
The troll claws you.
* * * LOW HITPOINT WARNING * * *
You closely miss the troll. Your headbutt misses the troll.
The troll is almost dead.
The troll bites you!
* * * LOW HITPOINT WARNING * * *
You block the troll's attack. The troll claws you!
You die...

#.# #.# #.## #.# #..#
##+# ####'### ..
#......# ...
####......# ##....
#.........# #####.'....
#.##......###oo........
#.........@Tcoo........
#..≈≈≈≈≈≈≈≈≈≈≈≈≈≈≈≈≈≈≈≈
##.≈≈≈≈≈≈≈≈≈≈≈≈≈≈≈≈≈≈≈≈
#.≈≈##################
#.≈≈# #.≈≈# #.≈≈# #.≈≈#


You could see a troll, a centaur, 2 orc priests and 2 orcs.

Vanquished Creatures
  The ghost of Dickchan the Quickloader, a journeyman KoHu of Nemelex Xobeh (D:9)
  Pikel (D:4)
  An ugly thing (D:9)
  The ghost of cba the Fighter, a novice FeWn (D:7)
  Sigmund (D:2)
  A hippogriff (D:7)
  A hungry ghost (D:8)
  Menkaure (D:5)
  4 ice beasts
  A sky beast (D:9)
  An orc warrior (D:6)
  A phantom (D:6)
  A black bear (D:7)
  A centaur (D:6)
  2 ogres
  The ghost of Glider the Conjurer, an amateur GrCj of Ashenzari (D:3)
  2 giant frogs (D:7)
  2 scorpions
  2 electric eels (D:9)
  2 crimson imps
  A gnoll shaman (D:8)
  2 jellies
  A centaur zombie (D:7)
  2 giant frog skeletons
  4 orc priests
  8 orc wizards
  6 hounds
  3 iguanas
  10 worker ants
  Robin (D:2)
  16 gnolls
  5 adders
  A shadow imp (D:5)
  2 oozes
  5 worms
  6 giant geckos
  24 orcs
  7 giant cockroaches
  11 hobgoblins
  11 kobolds
  5 bats
  6 giant newts
  20 goblins
  19 jackals
  A jackal skeleton (D:5)
  2 quokkas
  A quokka skeleton (D:4)
  10 rats
  A spectral orc (D:6)
219 creatures vanquished.

Vanquished Creatures (others)
  A giant frog (D:6)
  A ball python (D:4)
  2 giant cockroaches (D:4)
4 creatures vanquished.

Grand Total: 223 creatures vanquished

Notes
Turn   | Place    | Note
--------------------------------------------------------------
     0 | D:1      | Kloppie the Minotaur Fighter began the quest for the Orb.
     0 | D:1      | Reached XP level 1. HP: 19/19 MP: 0/0
   165 | D:1      | Reached skill level 4 in Fighting
   242 | D:1      | Reached XP level 2. HP: 22/27 MP: 1/1
   681 | D:2      | Reached XP level 3. HP: 32/34 MP: 2/2
   686 | D:2      | Found an opulent altar of Gozag.
   784 | D:2      | Found an iron altar of Okawaru.
   842 | D:2      | Noticed Robin
   858 | D:2      | Killed Robin
   868 | D:2      | Reached XP level 4. HP: 5/41 MP: 3/3
  1319 | D:2      | Reached skill level 5 in Fighting
  1485 | D:2      | Noticed Sigmund
  1634 | D:3      | Noticed Glider's ghost (amateur GrCj)
  1668 | D:3      | Killed Glider's ghost
  1668 | D:3      | Reached skill level 5 in Long Blades
  1668 | D:3      | Reached XP level 5. HP: 30/50 MP: 4/4
  1927 | D:3      | Reached skill level 6 in Fighting
  1955 | D:3      | Found a shimmering altar of Xom.
  2081 | D:3      | Reached XP level 6. HP: 47/58 MP: 5/5
  2614 | D:4      | Reached skill level 7 in Fighting
  2862 | D:4      | Noticed Pikel
  2876 | D:4      | Killed Pikel
  2876 | D:4      | Reached skill level 8 in Fighting
  2876 | D:4      | Reached XP level 7. HP: 53/69 MP: 6/6
  2993 | D:4      | Reached XP level 8. HP: 70/75 MP: 7/7
  3296 | D:4      | Reached skill level 9 in Fighting
  3424 | D:5      | Entered Level 5 of the Dungeon
  3551 | D:5      | Noticed Menkaure
  3557 | D:5      | Killed Menkaure
  3634 | D:5      | Found a staircase to the Ecumenical Temple.
  3644 | Temple   | Entered the Ecumenical Temple
  4576 | D:5      | Found a sacrificial altar of Ru.
  4753 | D:5      | Reached skill level 10 in Fighting
  5027 | D:2      | Killed Sigmund
  5027 | D:2      | Reached skill level 10 in Long Blades
  5105 | D:2      | Became a worshipper of Warmaster Okawaru
  5250 | D:6      | Reached XP level 9. HP: 52/86 MP: 8/8
  5829 | D:6      | Found a stormy altar of Qazlal.
  5949 | D:6      | Reached skill level 11 in Long Blades
  5952 | D:6      | Found a glowing golden altar of the Shining One.
  5956 | D:6      | Found a white marble altar of Elyvilon.
  5957 | D:6      | Found a shattered altar of Ashenzari.
  6162 | D:6      | Found a basalt altar of Yredelemnul.
  6499 | D:7      | Noticed cba's ghost (novice FeWn)
  6523 | D:7      | Killed cba's ghost
  6523 | D:7      | Reached * piety under Okawaru
  6675 | D:7      | Reached skill level 12 in Long Blades
  6935 | D:7      | Found a sparkling altar of Nemelex Xobeh.
  7047 | D:7      | Found Ahoacay's Antique Weapon Shop.
  7423 | D:7      | Reached skill level 13 in Long Blades
  7893 | D:8      | Reached ** piety under Okawaru
  7893 | D:8      | Reached XP level 10. HP: 84/94 MP: 9/9
  7978 | D:8      | Found Fuplu's Antique Armour Emporium.
  7993 | D:8      | Bought a pair of glowing gloves for 108 gold pieces
  8052 | D:8      | Noticed Gastronok
  8064 | D:9      | Noticed Dickchan's ghost (journeyman KoHu)
  8067 | D:9      | Noticed a red ugly thing
  8115 | D:9      | Killed Dickchan's ghost
  8115 | D:9      | Reached skill level 14 in Long Blades
  8129 | D:9      | Killed a red ugly thing
  8615 | D:9      | HP: 1/94 [troll (8)]
  8615 | D:9      | Mangled by a troll

Action                   |  1- 3 |  4- 6 |  7- 9 | 10-12 || total
-------------------------+-------+-------+-------+-------++-------
Melee: Long sword        |   110 |   185 |   370 |    90 ||   755
  Use: Potion            |     3 |     4 |     4 |     2 ||    13
       Scroll            |       |       |    16 |     1 ||    17
 Stab: Invisible         |       |       |     1 |       ||     1
       Paralysed         |       |       |     1 |       ||     1
  Eat: Chunk             |       |     7 |    16 |     3 ||    26
